 Dungeon Crawl Stone Soup version 0.30-a0-867-g305f33218d (webtiles) character file.

Game seed: 15058171968194424717

3142 Pimp the Insei (level 9, -11/76 HPs)
             Began as an Octopode Transmuter on Mar 10, 2023.
             Was an Initiate of Ru.
             Killed from afar by an electric eel (12 damage)
             ... with a bolt of electricity
             ... on level 6 of the Dungeon.
             The game lasted 00:33:53 (7556 turns).

Pimp the Insei (Octopode Transmuter)                Turns: 7556, Time: 00:33:56

Health: -11/76     AC:  9    Str: 10      XL:     9   Next: 93%
Magic:  14/16      EV: 11    Int: 18 (19) God:    Ru [......]
Gold:   289        SH:  0    Dex: 12      Spells: 9/17 levels left

rFire   x . .      SeeInvis .      - Unarmed
rCold   + + +      Faith    .    (shield currently unavailable)
rNeg    . . .      Spirit   .    (helmet currently unavailable)
rPois   +          Reflect  .    (no amulet)
rElec   .          Rampage  .    b - ring of resist corrosion
rCorr   +          Clarity  +    c - +4 ring of slaying
Will    .....                    d - ring of ice
Stlth   ++                       q - ring of fire
HPRegen 0.32/turn                (no ring)
MPRegen 0.15/turn                (no ring)
                                 (no ring)
                                 (no ring)

@: about to teleport, ice-form
A: freezing attack, boosted hp, almost no armour, amphibious, 8 rings, large,
(camouflage 1), (gelatinous body 1), (nimble swimmer 1), (tentacles), clarity,
deterioration 1, robust 1
a: End Transformation, Renounce Religion


You were on level 6 of the Dungeon.
You worshipped Ru.
Ru was noncommittal.
You were a creature of crystalline ice.
You visited 2 branches of the dungeon, and saw 7 of its levels.
You also visited: Sewer.

You collected 289 gold pieces.

Inventory:

Missiles
 l - a throwing net
 s - 4 curare-tipped darts
Magical Staves
 f - a staff of conjuration
Jewellery
 b - a ring of resist corrosion (left front paw)
 c - a +4 ring of slaying (right front paw)
 d - a ring of ice (on tentacle)
 q - a ring of fire (on tentacle)
Wands
 n - a wand of digging (6)
 p - a wand of polymorph (7)
 v - a wand of flame (18)
Scrolls
 e - a scroll of identify
 m - a scroll of immolation
 o - 2 scrolls of enchant weapon
 r - 2 scrolls of fear
Potions
 a - 2 potions of lignification
 g - a potion of berserk rage
 i - 3 potions of flight
 k - 2 potions of magic
 t - a potion of cancellation
 u - a potion of might
 w - a potion of invisibility {unknown}
 z - a potion of attraction {unknown}


   Skills:
 + Level 4.4 Fighting
 + Level 4.9 Dodging
 - Level 3.1 Stealth
 + Level 6.5 Unarmed Combat
 * Level 4.8 Spellcasting
 * Level 6.2 Transmutations
 * Level 5.0 Ice Magic
 - Level 4.4 Poison Magic


You had 9 spell levels left.
You knew the following spells:

 Your Spells              Type           Power      Damage    Failure   Level
a - Beastly Appendage     Tmut           52%        N/A       1%          1
b - Spider Form           Tmut/Pois      23%        N/A       4%          3
c - Ice Form              Ice/Tmut       37%        N/A       13%         4

Your spell library contained the following spells:

 Spells                   Type           Power      Damage    Failure   Level
 Wereblood                Tmut           26%        N/A       1%          2
 Conjure Ball Lightning   Conj/Air       2%         3x3d6     100%        6
 Discord                  Hex            2%         N/A       100%        8
 Disjunction              Tloc           2%         N/A       100%        8


Dungeon Overview and Level Annotations

Branches:
Dungeon (6/15)             Temple (1/1) D:6           Sewer (visited)

Altars:
Cheibriados
Dithmenos
Elyvilon
Gozag
Hepliaklqana
Makhleb
Nemelex Xobeh
Okawaru
Qazlal
Ru
Sif Muna
Trog
Uskayaw
Vehumet
Wu Jian
Zin
The Shining One

Shops:
D:1 [[   D:3 :


Innate Abilities, Weirdness & Mutations

You are a creature of crystalline ice.
You have a powerful freezing melee attack.
Your maximum health is increased.
Your armour is entirely melded.
You are incapable of wielding weapons or throwing items.
You cannot wear most types of armour.
You are amphibious.
You can wear up to eight rings at the same time.
((Your skin changes colour to match your surroundings (Stealth+).))
((Your rubbery body absorbs attacks. (AC +1, EV +1)))
((You are camouflaged when in or above water. (Stealth+)))
((You have tentacles for arms and can constrict up to eight enemies at once.))
You possess an exceptional clarity of mind.
Your body sometimes deteriorates upon taking damage.
You are robust. (+10% HP)


Message History

The electric eel shoots out a bolt of lightning at you!
The bolt of electricity hits you!
The bolt of electricity hits the plant! x2
You hit the electric eel. You freeze the electric eel.
The electric eel is almost dead.
The electric eel shoots out a bolt of lightning at you!
The bolt of electricity hits the plant!
The bolt of electricity hits you!
* * * LOW HITPOINT WARNING * * *
You feel better.
The electric eel shoots out a bolt of lightning at you!
The bolt of electricity misses you.
The bolt of electricity hits the plant! x2
As you read the scroll of teleportation, it crumbles to dust.
You feel strangely unstable.
A nearby plant withers and dies.
The electric eel shoots out a bolt of lightning at you!
The bolt of electricity hits the plant!
The bolt of electricity hits you.
* * * LOW HITPOINT WARNING * * *
The electric eel shoots out a bolt of lightning at you!
The bolt of electricity hits the plant!
The bolt of electricity hits you.
* * * LOW HITPOINT WARNING * * *
The electric eel shoots out a bolt of lightning at you!
The bolt of electricity hits you!
* * * LOW HITPOINT WARNING * * *
The bolt of electricity hits the plant.
You feel better.
A nearby plant withers and dies. x2
The electric eel is no longer moving slowly.
The electric eel shoots out a bolt of lightning at you!
The bolt of electricity hits you.
* * * LOW HITPOINT WARNING * * *
You feel better.
The electric eel shoots out a bolt of lightning at you!
The bolt of electricity hits you!
* * * LOW HITPOINT WARNING * * *
The electric eel shoots out a bolt of lightning at you!
The bolt of electricity misses you.
You feel better.
The electric eel shoots out a bolt of lightning at you!
The bolt of electricity hits you!
* * * LOW HITPOINT WARNING * * *
The electric eel shoots out a bolt of lightning at you!
The bolt of electricity hits you!
You die...

.............#
#############♣♣~~~≈≈≈≈≈≈
#............♣♣~~≈≈≈≈≈≈≈
#.#####.#.###♣~P≈≈≈≈≈≈~P
#.# #.#.# #♣P~~~≈S~≈~~
#.# #.#.# #.PPP~~S≈~~~
#.# #.#.# #.~~~~~~PP~P
#.# #.#.# #.~~~~~PP~P~P
#.# #.#.# #.~SY~~b~~~~P
#.# #.#.# #.~~~~.~~~~~~
#.#####.#.# #.~~~...~..~~
...<.##.#.# #............
........#.# #............
##..)...#.###............
..........##.............
#####.#.####.....########
..).............)#


You could see 3 electric eels.

Vanquished Creatures
  Pikel (D:5)
  Grinder (D:4)
  Eustachio (D:4)
  A water moccasin (Sewer)
  Duvessa (D:4)
  A black bear (D:6)
  An ice beast (D:6)
  A sky beast (D:6)
  An ogre (D:5)
  A centaur (D:6)
  A lemure (D:5)
  5 phantoms
  Blork the orc (D:4)
  3 scorpions
  3 wights (D:6)
  Dowan (D:4)
  2 electric eels (D:6)
  2 jellies
  3 orc priests (D:4)
  2 gnoll boudas
  Terence (D:2)
  2 sleepcaps
  3 iguanas
  6 orc wizards
  14 gnolls
  9 adders
  3 worms
  2 dart slugs
  19 orcs
  An endoplasm (D:3)
  5 giant cockroaches
  5 hobgoblins
  10 jackals
  3 quokkas
  9 ball pythons
  2 bats
  9 goblins
  4 kobolds
  6 rats
146 creatures vanquished.

Vanquished Creatures (others)
  10 plants (D:6)
10 creatures vanquished.

Grand Total: 156 creatures vanquished

Notes
Turn   | Place    | Note
-------+----------+-------------------------------------------
     0 | D:1      | Pimp the Octopode Transmuter began the quest for the Orb.
     0 | D:1      | Reached XP level 1. HP: 13/13 MP: 3/3
    41 | D:1      | Found Qyanedod's Antique Armour Shop.
   208 | D:1      | Reached XP level 2. HP: 18/18 MP: 5/5
   711 | D:1      | Found Jefetrug's Armour Shop.
   840 | D:2      | Reached skill level 1 in Stealth
   852 | D:2      | Reached XP level 3. HP: 16/23 MP: 3/6
   973 | D:2      | Noticed a scorpion
  1082 | D:2      | Killed a scorpion
  1083 | D:2      | Reached XP level 4. HP: 22/29 MP: 7/7
  1176 | D:2      | Noticed Terence
  1193 | D:2      | Killed Terence
  1194 | D:2      | Reached XP level 5. HP: 12/34 MP: 6/8
  2047 | D:3      | You fall into a shaft and drop 1 floor!
  2060 | D:4      | Learned a level 3 spell: Spider Form
  2065 | D:4      | Learned a level 4 spell: Ice Form
  2097 | D:4      | Noticed a phantom
  2174 | D:4      | Noticed Grinder
  2221 | D:3      | Found Foklonis's Book Shop.
  3063 | D:4      | Reached XP level 6. HP: 29/39 MP: 8/10
  3205 | D:4      | Gained mutation: Your body sometimes deteriorates upon
                  | taking damage. [potion of mutation]
  3205 | D:4      | Gained mutation: You are robust. (+10% HP) [potion of
                  | mutation]
  3205 | D:4      | Gained mutation: You possess an exceptional clarity of
                  | mind. [potion of mutation]
  3251 | D:4      | Killed Grinder
  3252 | D:4      | Reached skill level 1 in Poison Magic
  3434 | D:4      | Noticed Eustachio
  3456 | D:4      | Killed Eustachio
  3457 | D:4      | Reached skill level 1 in Ice Magic
  3457 | D:4      | Reached XP level 7. HP: 29/49 MP: 7/11
  3805 | D:4      | Noticed Duvessa
  4154 | D:4      | Noticed Blork the orc
  4168 | D:4      | Killed Blork the orc
  4215 | D:4      | Reached skill level 5 in Unarmed Combat
  4215 | D:4      | Reached XP level 8. HP: 38/57 MP: 9/13
  4499 | D:4      | Killed Duvessa
  4676 | D:4      | Noticed Dowan
  4684 | D:4      | Killed Dowan
  4724 | D:5      | Entered Level 5 of the Dungeon
  5125 | D:5      | Reached skill level 5 in Transmutations
  5317 | D:5      | Reached XP level 9. HP: 63/63 MP: 11/14
  5436 | D:5      | Found a stormy altar of Qazlal.
  5569 | D:5      | Noticed Pikel
  5585 | D:5      | Killed Pikel
  6176 | D:6      | Found a staircase to the Ecumenical Temple.
  6187 | Temple   | Entered the Ecumenical Temple
  6265 | Temple   | Became a worshipper of Ru the Awakened
  6469 | D:6      | Found a glowing drain.
  6474 | Sewer    | Entered a sewer
  7264 | D:6      | Reached skill level 5 in Ice Magic
  7556 | D:6      | HP: 1/76 [electric eel/bolt of electricity (13)]
  7556 | D:6      | Killed from afar by an electric eel

Illustrated notes

Levels and vault maps discovered:
D:1:      psy_arrival_fountain, layout_basic, serial_shops, shop, shop_statue,
          minmay_pentomino_t2
D:2:      layout_loops_ring, minmay_surrounded, uniq_terence
D:3:      layout_rooms, serial_shops, shop
D:4:      layout_gridville, uniq_blork_the_orc, uniq_grinder, uniq_eustachio,
          uniq_duvessa
D:5:      layout_gridville, grunt_qazlal_sundering, uniq_pikel
D:6:      layout_basic, minmay_temple_entry_butterflies, serial_bayou,
          serial_bayou_lagoon_a, serial_bayou_pond_d, serial_bayou_crossing,
          serial_bayou_shore_a, portal_sewer_entry_e
Temple:   lightli_temple_of_artemis

Skill      XL: |  1  2  3  4  5  6  7  8  9 |
---------------+----------------------------+-----
Stealth        | 1 2 3 |  3.1
Fighting       | 2 3 4 |  4.4
Dodging        | 3 4 |  4.9
Unarmed Combat | 4 5 6 |  6.5
Spellcasting   | 3 4 |  4.8
Transmutations | 3 4 5 6 |  6.2
Poison Magic   | 1 2 3 4 |  4.4
Ice Magic      | 1 2 3 5 |  5.0

Action                     |  1- 3 |  4- 6 |  7- 9 || total
---------------------------+-------+-------+-------++-------
  Melee: Unarmed           |    59 |    94 |   263 ||   416
         Constrict         |    11 |    20 |     6 ||    37
         Tentacles         |    11 |    17 |     7 ||    35
         Kick              |     8 |    18 |       ||    26
         Punch             |     3 |     5 |     1 ||     9
   Cast: Beastly Appendage |     5 |    11 |       ||    16
         Spider Form       |       |     1 |    28 ||    29
         Ice Form          |       |       |     7 ||     7
    Use: Scroll            |     3 |    10 |     6 ||    19
         Potion            |     2 |     7 |     7 ||    16
   Stab: Sleeping          |     6 |     5 |     8 ||    19
 Armour: Skin              |     6 |    11 |    27 ||    44
  Dodge: Dodged            |    22 |    70 |   268 ||   360

Table legend: (Time is in decaauts)
 A = Elapsed time spent in this place.
 B = Non-inter-level travel time spent in this place.
 C = Inter-level travel time spent in this place.
 D = Time resting spent in this place.
 E = Time spent auto-exploring this place.
 F = Levels seen in this place.
 G = Mean time per level.
                   A        B        C        D        E       F      G
               +--------+--------+--------+--------+--------+-----+--------+
         Total |   7484 |   6267 |   1217 |   1923 |   2601 |   8 |  935.5 |
       Dungeon |   7187 |   6010 |   1177 |   1799 |   2564 |   6 | 1197.8 |
        Temple |     92 |     52 |     40 |     32 |      0 |   1 |   92.0 |
         Sewer |    203 |    203 |      0 |     92 |     37 |   1 |  203.0 |
               +--------+--------+--------+--------+--------+-----+--------+

Top non-repeatable levels by time:
     D:4: 1791 daAuts
     D:5: 1273 daAuts
     D:2: 1213 daAuts
     D:6: 1144 daAuts
     D:3: 979 daAuts
     D:1: 785 daAuts
   Sewer: 203 daAuts
  Temple: 92 daAuts
